 Dungeon Crawl Stone Soup version 0.29.1-2-gbd0b4ee654 (webtiles) character file.

Game seed: 7902180549601953209

11 firemarshallily the Sneak (level 2, 0/26 HPs)
             Began as a Naga Brigand on Oct 27, 2022.
             Slain by an endoplasm (1 damage)
             ... on level 1 of the Dungeon.
             The game lasted 00:01:02 (279 turns).

firemarshallily the Sneak (Naga Brigand)             Turns: 279, Time: 00:01:03

Health: 0/26       AC:  3    Str: 13    XL:     2   Next: 25%
Magic:  2/2        EV:  9    Int: 11    God:
Gold:   17         SH:  0    Dex: 12    Spells: 1/1 levels left

rFire   . . .      SeeInvis +   a - +2 dagger
rCold   . . .      Faith    .   (no shield)
rNeg    . . .      Spirit   .   b - +0 robe
rPois   +          Reflect  .   (no helmet)
rElec   .          Harm     .   c - +0 cloak
rCorr   .          Rampage  .   g - +0 pair of gloves
Will    .....                   (no barding)
Stlth   +++.......              (no amulet)
HPRegen 0.08/turn               (no ring)
MPRegen 0.08/turn               (no ring)

@: short of breath, very slow
A: AC +0, large, see invisible, deformed body, poison resistance, slowness 2,
spit poison 1, naga tail 1
a: Spit Poison


You were on level 1 of the Dungeon.
You visited 1 branch of the dungeon, and saw 1 of its levels.

You collected 17 gold pieces.

Inventory:

Hand Weapons
 a - a +2 dagger (weapon)
Missiles
 d - 9 poisoned darts
 e - 3 curare-tipped darts
Armour
 b - a +0 robe (worn)
 c - a +0 cloak (worn)
 g - a +0 pair of gloves (worn)
Scrolls
 f - a scroll of blinking {unknown}


   Skills:
 + Level 2.1 Fighting
 * Level 2.3 Short Blades
 - Level 1.7 Throwing
 + Level 1.0 Dodging
 * Level 6.1 Stealth


You had one spell level left.
You didn't know any spells.
Your spell library contained the following spells:

 Spells                   Type           Power      Damage    Failure   Level
 Summon Small Mammal      Summ           0%         N/A       34%         1
 Call Canine Familiar     Summ           0%         N/A       71%         3
 Summon Guardian Golem    Hex/Summ       0%         N/A       71%         3


Dungeon Overview and Level Annotations

Branches:
Dungeon (1/15)

Altars:


Innate Abilities, Weirdness & Mutations

Your serpentine skin is tough. (AC +0)
You have supernaturally acute eyesight. (SInv)
Armour fits poorly on your strangely shaped body.
Your system is resistant to poisons. (rPois)
You cover ground very slowly.
You can spit poison.
You have a snake-like lower body.


Message History

The hobgoblin is severely wounded.
The hobgoblin hits you but does no damage.
The endoplasm hits you but does no damage.
The goblin hits you but does no damage.
You hit the hobgoblin but do no damage.
The hobgoblin is severely wounded.
The hobgoblin closely misses you. The goblin closely misses you.
The endoplasm freezes you.
You are frozen.
You hit the hobgoblin.
You kill the hobgoblin!
The goblin hits you but does no damage.
The endoplasm hits you but does no damage.
Your Dodging skill increases to level 1!
You barely miss the goblin. The goblin hits you with a +0 dagger.
The endoplasm barely misses you.
You hit the goblin.
You kill the goblin!
The endoplasm freezes you.
You are frozen.
You hit the endoplasm but do no damage. You hit the endoplasm but do no damage.
The endoplasm freezes you.
You are frozen.
* * * LOW HITPOINT WARNING * * *
Aiming: Spit Poison (2% risk of failure)
Press: ? - help, Q - select action, (/) - cycle Shift-Dir - straight line, f - endoplasm
Aim: an endoplasm (97% to hit)
The splash of poison hits the endoplasm.
The endoplasm completely resists.
The endoplasm closely misses you.
You hit the endoplasm.
The endoplasm is lightly wounded.
The endoplasm freezes you.
You are frozen.
* * * LOW HITPOINT WARNING * * *
You completely miss the endoplasm.
The endoplasm is lightly wounded.
The endoplasm hits you.
You die...

#.......#. #........
.... ..............$.
................
........#.......
........#....!#
.......)#.....####
#+#J@..........
###..............
..................+ ..
#....#..#.........##.#
..................... .
#.......#..####..... .
#.....).#..# #...#####.
###........# #...#...#
..........####.###.⌠.##


You could see an endoplasm.

Vanquished Creatures
  2 ball pythons (D:1)
  2 goblins (D:1)
  2 hobgoblins (D:1)
  3 frilled lizards (D:1)
  A kobold (D:1)
10 creatures vanquished.

Notes
Turn   | Place    | Note
-------+----------+-------------------------------------------
     0 | D:1      | firemarshallily the Naga Brigand began the quest for the
                  | Orb.
     0 | D:1      | Reached XP level 1. HP: 19/19 MP: 1/1
   162 | D:1      | Found a faded altar of an unknown god.
   176 | D:1      | Reached skill level 6 in Stealth
   195 | D:1      | Reached XP level 2. HP: 26/26 MP: 2/2
   273 | D:1      | Reached skill level 1 in Dodging
   278 | D:1      | HP: 1/26 [frozen (4)]
   279 | D:1      | Slain by an endoplasm

Illustrated notes

Levels and vault maps discovered:
D:1:      dpeg_arrival_simpleton_c, layout_basic,
          hellmonk_ecumenical_altar_inner_sanctum, grunt_decor_one_mirror

Skill      XL: |  1  2 |
---------------+-------+-----
Stealth        | 6 |  6.1
Dodging        | 1 |  1.0
Fighting       | |  2.1
Short Blades   | |  2.3
Throwing       | |  1.7

Action                   || total
-------------------------++-------
Melee: Dagger            ||    26
 Abil: Spit Poison       ||     5
 Stab: Sleeping          ||     1
Armor: Robe              ||     8
Dodge: Dodged            ||    10
